 Dungeon Crawl Stone Soup version 0.21.1-1-g345015f (webtiles) character file.

12679 CelticWarrior the Carver (level 11, -2/69 HPs)
             Began as a Gargoyle Fighter on Apr 4, 2018.
             Was an Initiate of Gozag.
             Killed from afar by a deep elf mage (20 damage)
             ... with a bolt of cold
             ... on level 2 of the Orcish Mines on Apr 5, 2018.
             The game lasted 00:52:01 (13113 turns).

CelticWarrior the Carver (Gargoyle Fighter)        Turns: 13113, Time: 00:52:02

Health: -2/69      AC: 30    Str: 21    XL:     11   Next: 97%
Magic:  20/20      EV:  5    Int:  9    God:    Gozag
Gold:   1329       SH: 17    Dex: 11    Spells: 10/10 levels left

rFire    . . .     SeeInvis .   o - +1 long sword of Nuceiciecw {flame, *Rage +Inv rC+ MP+9}
rCold    . . .     Gourm    .   p - +0 large shield
rNeg     + . .     Faith    .   k - +0 plate armour
rPois    ∞         Spirit   .   B - +1 helmet of Ewoqiqob {Stlth+}
rElec    +         Reflect  .   C - +2 cloak
rCorr    .         Harm     .   (no gloves)
MR       .....     Rnd*Rage +   b - +0 pair of boots Stlth ..........Rnd*Tele +
                                q - amulet of regeneration
HPRegen  0.61/turn              (no ring)
MPRegen  0.17/turn              (no ring)

@: about to teleport, berserk cooldown, slowed, very slow
A: blink, negative energy resistance 1, electricity resistance, teleportitis 1,
unbreathing, petrification resistance, [cold vulnerability 1], rot immunity, AC
+8
a: Blink, Potion Petition, Call Merchant, Bribe Branch, Renounce Religion, Evoke
Invisibility


You were on level 2 of the Orcish Mines.
You worshipped Gozag.
Gozag was most pleased with you.
You were not hungry.

You visited 3 branches of the dungeon, and saw 13 of its levels.
You also visited: Sewer.

You collected 2375 gold pieces.
You spent 891 gold pieces at shops.
You paid 155 gold pieces to Gozag.

Inventory:

Hand Weapons
 e - the +0 great sword of the Key {protect, +Fly rF+ Str-5 Dex+8}
   (You bought it in a shop on level 7 of the Dungeon)

   It protects the one who uses it against injury (+AC on strike).
   It affects your strength (-5).
   It affects your dexterity (+8).
   It protects you from fire.
   It lets you fly.
 n - a +0 scimitar
 o - the +1 long sword of Nuceiciecw (weapon) {flame, *Rage +Inv rC+ MP+9}
   (You bought it in a shop on level 7 of the Dungeon)

   It has been specially enchanted to burn those struck by it, causing extra
   injury to most foes and up to half again as much damage against particularly
   susceptible opponents.
   Big, fiery blades are also staple armaments of hydra-hunters.
   It protects you from cold.
   It affects your magic capacity (+9).
   It lets you turn invisible.
   It may make you go berserk in combat.
Armour
 b - a +0 pair of boots (worn)
 k - a +0 plate armour (worn)
 p - a +0 large shield (worn)
 B - the +1 helmet of Ewoqiqob (worn) {Stlth+}
   (You found it on level 7 of the Dungeon)

   It makes you more stealthy.
 C - a +2 cloak (worn)
Jewellery
 q - an amulet of regeneration (around neck)
Wands
 m - a wand of digging (16)
Scrolls
 a - a scroll of magic mapping
 h - a scroll of enchant weapon
 s - 2 scrolls of remove curse
 w - a scroll of teleportation
Potions
 d - 2 potions of degeneration
 g - a potion of mutation
 i - a potion of heal wounds
 l - 5 potions of agility
Miscellaneous
 c - a lamp of fire
Comestibles
 f - 14 rations


   Skills:
 + Level 8.3 Fighting
 + Level 10.7 Long Blades
   Level 1.0 Maces & Flails
 * Level 10.5 Armour
 * Level 4.2 Dodging
 + Level 1.5 Stealth
 - Level 9.1 Shields


You had 10 spell levels left.
You didn't know any spells.

Dungeon Overview and Level Annotations

Branches:
Dungeon (10/15)            Temple (1/1) D:5            Lair (0/6) D:10
    Orc (2/2) D:9
    Elf: Orc:2

Altars:
Ashenzari
Cheibriados
Dithmenos
Elyvilon
Fedhas
Gozag
Hepliaklqana
Kikubaaqudgha
Makhleb
Nemelex Xobeh
Okawaru
Qazlal
Ru
Sif Muna
Trog
Uskayaw
Vehumet
Wu Jian
Xom
Yredelemnul
Zin
The Shining One

Shops:
D:7 [((*   D:9 }   Orc:1 }!   Orc:2 *?


Innate Abilities, Weirdness & Mutations

You are resistant to torment.
Your stone body is resilient. (AC +8)
You are immune to poison.
You resist negative energy. (rN+)
You are resistant to electric shocks. (rElec)
You can survive without breathing.
You are immune to petrification.
You are immune to rotting.
You can translocate small distances at will.
You are occasionally teleported next to monsters.
[You are vulnerable to cold. (rC-)]


Message History

Splash!
You fall into the shallow water.
Moving in this stuff is going to be slow.
The deep elf mage shouts!
The deep elf mage casts a spell.
The deep elf mage blinks!
You block the deep elf mage's attack.
Found 34 gold pieces.
As you read the scroll of teleportation, it crumbles to dust.
You feel strangely unstable.
The deep elf mage points at you and mumbles some strange words.
You block the shard of ice.
The deep elf mage splashes around in the water.
You slash the deep elf mage! You burn the deep elf mage!
The deep elf mage is heavily wounded.
The deep elf mage gestures at you while chanting.
You block the stone arrow. The deep elf mage casts a spell at you.
The bolt of cold hits you!
You die...
Your body crumbles into a pile of gold.

. ..#.... .......
o .. #......#
.....# ...
##......# .....
#..##.......##.#.#
##..#............#
#.......≈≈≈≈≈≈≈..#
#.....≈≈≈≈≈≈≈≈≈.#
##.$$.e≈##.##≈≈.#
#.....@≈#ee ;≈.#
.......§≈#.$ ≈≈...
....##.;≈#e.
≈≈...# ... .e≈≈#4e
≈≈..... . ...≈≈#
≈≈..... ....≈≈≈ $
#.....≈≈ .........
$


You could see 2 deep elf magi and an electric eel.

Vanquished Creatures
  A spark wasp (D:9)
  The ghost of Jacaranda the Carver, a journeyman MiBe of Trog (Orc:1)
  The ghost of jasper the Slinger, a journeyman HaAK of Lugonu (D:10)
  A two-headed ogre (Orc:2)
  A fire crab (D:10)
  A lindwurm (D:9)
  An orc knight (Orc:1)
  An orc sorcerer (Orc:2)
  A rime drake (D:10)
  2 hornets (D:8)
  A troll (Orc:1)
  A hippogriff (D:10)
  An air elemental (D:10)
  A water elemental (D:9)
  The ghost of garrulousMonolith the Chopper, an amateur HOMo (D:3)
  6 yaks (D:10)
  4 wargs
  Menkaure (D:7)
  A soldier ant (D:8)
  Duvessa (D:7)
  Purgy (Sewer)
  2 black bears (D:10)
  14 orc warriors
  2 phantoms
  A sky beast (D:8)
  4 ice beasts
  7 wolves (Orc:1)
  7 ogres
  8 centaurs
  A crocodile (D:8)
  A wyvern zombie (D:8)
  4 bullfrogs
  Dowan (D:7)
  A wyvern skeleton (D:6)
  8 scorpions
  An electric eel (D:9)
  2 howler monkeys
  A bullfrog zombie (D:8)
  A quasit (D:10)
  7 hounds
  3 centaur zombies
  3 jellies
  Crazy Yiuf (D:7)
  10 orc priests
  2 centaur skeletons
  15 orc wizards
  3 gnoll shamans
  Jessica (D:3)
  2 bullfrog skeletons
  Terence (D:2)
  3 iguanas
  4 worker ants
  2 hound skeletons
  A worker ant zombie (D:8)
  A howler monkey zombie (D:7)
  19 gnolls
  14 adders
  3 river rats (D:4)
  4 shadow imps
  An ooze (D:5)
  6 worms
  3 dart slugs
  5 leopard geckos
  73 orcs
  4 giant cockroaches
  4 hobgoblins
  6 jackals
  10 kobolds
  4 quokkas
  3 ball pythons
  7 bats
  6 frilled lizards
  A gnoll zombie (D:4)
  8 goblins
  A leopard gecko skeleton (D:6)
  A quokka skeleton (D:9)
  A quokka zombie (D:9)
  10 rats
  A plant (D:10)
350 creatures vanquished.

Vanquished Creatures (others)
  A fire elemental (D:10)
  A jackal (D:8)
2 creatures vanquished.

Grand Total: 352 creatures vanquished

Notes
Turn   | Place    | Note
-------+----------+-------------------------------------------
     0 | D:1      | CelticWarrior the Gargoyle Fighter began the quest for the Orb.
     0 | D:1      | Reached XP level 1. HP: 14/14 MP: 1/1
   111 | D:1      | Reached XP level 2. HP: 14/19 MP: 2/2
   937 | D:1      | Reached XP level 3. HP: 11/23 MP: 3/3
  1272 | D:2      | Reached XP level 4. HP: 28/28 MP: 4/4
  1366 | D:2      | Noticed Terence
  1380 | D:2      | Killed Terence
  1380 | D:2      | Reached XP level 5. HP: 30/32 MP: 5/5
  1524 | D:2      | Reached skill level 1 in Dodging
  1692 | D:2      | Found a deep blue altar of Sif Muna.
  1789 | D:2      | Reached skill level 1 in Stealth
  2084 | D:3      | Noticed Jessica
  2094 | D:3      | Killed Jessica
  2094 | D:3      | Reached skill level 5 in Shields
  2094 | D:3      | Reached XP level 6. HP: 22/38 MP: 6/6
  2867 | D:3      | Noticed garrulousMonolith's ghost (amateur HOMo)
  2883 | D:3      | Killed garrulousMonolith's ghost
  2920 | D:4      | Reached XP level 7. HP: 33/42 MP: 7/7
  3095 | D:4      | Reached skill level 5 in Armour
  3138 | D:4      | Found a glowing drain.
  3147 | Sewer    | Entered a sewer
  3221 | Sewer    | Noticed Purgy
  3252 | Sewer    | Killed Purgy
  3252 | Sewer    | Reached skill level 5 in Long Blades
  3587 | D:4      | Reached XP level 8. HP: 34/48 MP: 8/8
  3914 | D:4      | Found a glowing silver altar of Zin.
  4097 | D:4      | Found an iron altar of Okawaru.
  4270 | D:5      | Entered Level 5 of the Dungeon
  4394 | D:5      | Found a shimmering altar of Xom.
  4396 | D:5      | Found a shimmering altar of Xom.
  4396 | D:5      | Found a shimmering altar of Xom.
  4398 | D:5      | Found a shimmering altar of Xom.
  4651 | D:5      | Found a shimmering altar of Xom.
  4740 | D:5      | Found a staircase to the Ecumenical Temple.
  4750 | Temple   | Entered the Ecumenical Temple
  5158 | D:6      | Found a blossoming altar of Fedhas.
  5258 | D:6      | Reached skill level 5 in Fighting
  5274 | D:6      | Reached XP level 9. HP: 48/54 MP: 9/9
  5460 | D:7      | Found the +7 great mace "Firestarter" {inner flame, rF++}
  5513 | D:7      | Found Kualapnoux's General Store.
  5519 | D:7      | Bought a ration for 70 gold pieces
  5519 | D:7      | Bought a potion of heal wounds for 70 gold pieces
  5545 | D:7      | Noticed Menkaure
  5547 | D:7      | Reached skill level 1 in Maces & Flails
  5636 | D:7      | Found Hibboar's Antique Weapon Shoppe.
  5662 | D:7      | Killed Menkaure
  5707 | D:7      | Found a runed door.
  5744 | D:7      | Noticed Duvessa
  5755 | D:7      | Noticed Dowan
  5763 | D:7      | Killed Duvessa
  5787 | D:7      | Killed Dowan
  5857 | D:7      | Got a steaming helmet
  5863 | D:7      | Identified the +1 helmet of Ewoqiqob {Stlth+} (You found it on level 7 of the Dungeon)
  6031 | D:7      | Found Xoluofuo's Armour Shoppe.
  6341 | D:7      | Found Ulodit's Weapon Shoppe.
  6458 | D:7      | Noticed Crazy Yiuf
  6463 | D:7      | Killed Crazy Yiuf
  6684 | D:8      | Found a stormy altar of Qazlal.
  6691 | D:8      | Became a worshipper of Qazlal Stormbringer
  6831 | D:8      | Got an ancient flail
  6832 | D:8      | Identified the +4 flail of Cataclysm {venom, rElec rN+ MR- Stlth+} (You found it on level 8 of the Dungeon)
  7079 | D:8      | Noticed a hornet
  7080 | D:8      | Noticed a hornet
  7089 | D:8      | Killed a hornet
  7089 | D:8      | Reached XP level 10. HP: 29/60 MP: 10/10
  7106 | D:8      | Gained mutation: You are occasionally teleported next to monsters. [potion of mutation]
  7106 | D:8      | Gained mutation: You can translocate small distances at will. [potion of mutation]
  7518 | D:9      | Found an opulent altar of Gozag.
  7540 | D:9      | Fell from the grace of Qazlal
  7540 | D:9      | Became a worshipper of Gozag Ym Sagoz the Greedy
  7711 | D:9      | Noticed a lindwurm
  7711 | D:9      | Noticed a spark wasp
  7727 | D:9      | HP: 3/60 [spark wasp/living lightning[the adversity of Qazlal] (3)]
  8545 | D:9      | Killed a spark wasp
  8720 | D:9      | Killed a lindwurm
  8891 | D:9      | Found a staircase to the Orcish Mines.
  9405 | D:9      | Found a sacrificial altar of Ru.
  9505 | D:9      | Found Luacwuim's Gadget Shoppe.
  9936 | D:7      | Bought a polished great sword for 299 gold pieces
  9936 | D:7      | Bought a translucent long sword for 221 gold pieces
  9936 | D:7      | Identified the cursed +1 long sword of Nuceiciecw {flame, *Rage +Inv rC+ MP+9} (You bought it in a shop on level 7 of the Dungeon)
  9944 | D:7      | Identified the cursed +0 great sword of the Key {protect, +Fly rF+ Str-5 Dex+8} (You bought it in a shop on level 7 of the Dungeon)
 10021 | D:10     | Entered Level 10 of the Dungeon
 10303 | D:10     | HP: 1/63 [fire elemental[the adversity of Qazlal] (10)]
 10320 | D:10     | Found a shattered altar of Ashenzari.
 10383 | D:10     | Noticed a fire crab
 10399 | D:10     | Killed a fire crab
 10427 | D:10     | Noticed jasper's ghost (journeyman HaAK)
 10511 | D:10     | Reached XP level 11. HP: 67/67 MP: 11/11
 11020 | D:10     | Killed jasper's ghost
 11191 | D:10     | Found a staircase to the Lair.
 11431 | Orc:1    | Entered Level 1 of the Orcish Mines
 11562 | Orc:1    | Noticed Jacaranda's ghost (journeyman MiBe)
 11578 | Orc:1    | Found Ytysch's Gadget Shop.
 11799 | Orc:1    | Killed Jacaranda's ghost
 11934 | Orc:1    | Reached skill level 10 in Long Blades
 11956 | Orc:1    | Reached skill level 10 in Armour
 12376 | Orc:1    | Found Hicerio's Distillery.
 12379 | Orc:1    | Bought 2 potions of heal wounds for 110 gold pieces
 12379 | Orc:1    | Bought a potion of curing for 33 gold pieces
 12379 | Orc:1    | Bought a potion of curing for 33 gold pieces
 12379 | Orc:1    | Bought a potion of heal wounds for 55 gold pieces
 12506 | Orc:2    | Entered Level 2 of the Orcish Mines
 12687 | Orc:2    | Noticed a deep elf mage
 12687 | Orc:2    | Noticed a deep elf mage
 12687 | Orc:2    | Noticed a deep elf mage
 12687 | Orc:2    | Noticed a deep elf mage
 12688 | Orc:2    | Noticed a deep elf mage
 12690 | Orc:2    | Noticed a deep elf mage
 12690 | Orc:2    | Noticed a deep elf mage
 12691 | Orc:2    | Noticed an orc knight
 12699 | Orc:2    | Noticed a two-headed ogre
 12742 | Orc:2    | Killed a two-headed ogre
 12788 | Orc:1    | Killed an orc knight
 12960 | Orc:2    | Was forgiven by Qazlal
 13033 | Orc:2    | Found Beaq's Assorted Antiques.
 13077 | Orc:2    | Found Ryenorobu's Magic Scroll Boutique.
 13077 | Orc:2    | Noticed an orc sorcerer
 13077 | Orc:2    | Noticed an orc sorcerer
 13082 | Orc:2    | Noticed an orc sorcerer
 13089 | Orc:2    | Killed an orc sorcerer
 13104 | Orc:2    | Paralysed by an orc sorcerer for 2 turns
 13110 | Orc:2    | Noticed a sixfirhy
 13113 | Orc:2    | Killed from afar by a deep elf mage

Skill      XL: |  1  2  3  4  5  6  7  8  9 10 11 |
---------------+----------------------------------+-----
Long Blades    | 2 3 4 5 7 8 9 10 | 10.7
Shields        | 4 5 6 7 9 |  9.1
Armour         | 4 5 6 7 9 10 | 10.5
Dodging        | 1 2 4 |  4.2
Stealth        | 1 |  1.5
Fighting       | 4 5 6 7 8 |  8.3
Maces & Flails | 1 |  1.0

Action                   |  1- 3 |  4- 6 |  7- 9 | 10-12 || total
-------------------------+-------+-------+-------+-------++-------
Melee: Long sword        |   124 |   217 |   731 |  1015 ||  2087
       Great mace        |       |       |     4 |       ||     4
       Flail             |       |       |       |    24 ||    24
 Abil: Blink             |       |       |       |     2 ||     2
  Use: Scroll            |     2 |     3 |     5 |    14 ||    24
       Potion            |       |     1 |     3 |    23 ||    27
 Stab: Invisible         |       |       |       |     1 ||     1
       Distracted        |       |       |       |     2 ||     2
  Eat: Chunk             |     1 |     5 |     9 |       ||    15
       Ration            |       |       |     3 |     6 ||     9
Armor: Scale mail        |    86 |    94 |       |       ||   180
       Chain mail        |       |    22 |   416 |   117 ||   555
       Plate armour      |       |       |       |   632 ||   632
Dodge: Dodged            |    58 |    61 |   198 |   198 ||   515
Block: Shield            |   105 |   124 |   432 |   195 ||   856
       Large shield      |       |       |       |   764 ||   764
       Rpst.: Long sword |    12 |    23 |    48 |    58 ||   141
